 Dungeon Crawl Stone Soup version 0.31-a0-819-gf6de2f5ab6 (webtiles) character file.

Game seed: 2671751221232100651

136366 arthad the Destroyer (level 17, -9/97 HPs)
             Began as a Tengu Fire Elementalist on Sept 22, 2023.
             Was a High Priest of Sif Muna.
             Mangled by a faun
             ... wielding a +0 quarterstaff
             ... led by a satyr
              (75 damage)
             ... on level 3 of the Shoals on Sept 23, 2023.
             The game lasted 02:19:18 (32725 turns).

arthad the Destroyer (Tengu Fire Elementalist)     Turns: 32725, Time: 02:19:18

Health: -9/97      AC: 10    Str: 10    XL:     17   Next: 21%
Magic:  2/32       EV:  2    Int: 23    God:    Sif Muna [*****.]
Gold:   681        SH:  0    Dex: 15    Spells: 4/37 levels left

rFire   + + .        C - staff of conjuration
rCold   . . .        P - +5 kite shield {reflect}
rNeg    . . .        V - +2 robe {rF+}
rPois   .            (helmet restricted)
rElec   .            B - +2 cloak {rCorr}
rCorr   +            p - +0 pair of gloves
SInv    .            (boots unavailable)
Will    .....        O - amulet of magic regeneration
Stlth   +++          S - ring "Liucafow" {rF+ Int+3}
HPRegen 0.36/turn    U - ring of wizardry
MPRegen 0.63/turn

%: reflection, acrobat, wizardry (x1)
@: sleeping, weak-willed, flying, studying Axes
A: beak, talons 3, evasive flight, acrobatic, dopey 1
a: Renounce Religion, Channel Magic, Forget Spell, Divine Exegesis


You were on level 3 of the Shoals.
You worshipped Sif Muna.
Sif Muna was extremely pleased with you.
You visited 4 branches of the dungeon, and saw 25 of its levels.
You also visited: Sewer and Ossuary.

You collected 2345 gold pieces.
You spent 1664 gold pieces at shops.

Inventory:

Hand Weapons
 j - the +0 dagger "Bodeyps" {drain, Str+9}
   (You found it on level 2 of the Dungeon)

   Str+9:     It affects your strength (+9).
 w - a +3 broad axe of flaming
 F - the +9 staff of Olgreb {rPois∞}
   (You acquired it on level 2 of the Orcish Mines)

   Radiate:   It can be activated via the 'a'bility menu to radiate toxic
   energy, with effectiveness depending on Evocations skill.
   Pois:      It enhances your poison magic.
   rPois∞: It grants immunity to poison.
Missiles
 b - 37 poisoned darts
 m - 7 curare-tipped darts
 q - 10 javelins
 D - a throwing net
 K - 18 boomerangs
Armour
 a - +0 ice dragon scales
 p - a +0 pair of gloves (worn)
 B - a +2 cloak of preservation (worn)
 P - a +5 kite shield of reflection (worn)
 T - +3 storm dragon scales {Bai Suzhen}
 V - a +2 robe of fire resistance (worn)
 Z - +0 fire dragon scales
Magical Staves
 C - a staff of conjuration (weapon)
 X - a staff of air
Jewellery
 l - a +5 ring of evasion
 o - a ring of fire
 x - the ring "Lungoekk" {rN+ rCorr SInv}
   (You found it on level 3 of the Shoals)

   [ring of positive energy]

   rN+:       It protects you from negative energy.
   SInv:      It lets you see invisible.
   rCorr:     It protects you from acid and corrosion.
 O - an amulet of magic regeneration (around neck)
 S - the ring "Liucafow" (left hand) {rF+ Int+3}
   (You found it on level 10 of the Dungeon)

   [ring of protection from fire]

   Int+3:     It affects your intelligence (+3).
   rF+:       It protects you from fire.
 U - a ring of wizardry (right hand)
Wands
 u - a wand of polymorph (13)
 v - a wand of light (1)
 y - a wand of flame (27)
 A - a wand of roots (11)
 G - a wand of charming (24)
 I - a wand of mindburst (14)
 N - a wand of digging (5)
Scrolls
 c - a scroll of blinking
 e - a scroll of teleportation
 g - a scroll of fear
 r - 2 scrolls of fog
 M - a scroll of silence
 Q - a scroll of revelation
 R - 2 scrolls of identify
 W - a scroll of amnesia
Potions
 d - 5 potions of haste
 f - 4 potions of brilliance
 h - 2 potions of mutation
 i - 4 potions of berserk rage
 k - 2 potions of resistance
 n - 5 potions of magic
 s - 6 potions of enlightenment
 t - 7 potions of curing
 z - 3 potions of lignification
 H - 3 potions of cancellation
 J - 2 potions of heal wounds
 Y - a potion of might
Miscellaneous
 E - a tin of tremorstones (2/2)
 L - a box of beasts


   Skills:
 + Level 8.0 Fighting
 + Level 9.7 Axes
 * Level 11.5 Armour
 - Level 8.0 Dodging
 - Level 6.0 Stealth
 * Level 8.9 Shields
 * Level 10.9 Spellcasting
 * Level 14.7 Conjurations
 - Level 5.0 Translocations
 * Level 13.0 Fire Magic
 * Level 10.5 Air Magic
 * Level 9.6 Invocations
 + Level 3.0 Evocations


You had 4 spell levels left.
You knew the following spells:

 Your Spells              Type           Power      Damage    Failure   Level
a - Foxfire               Conj/Fire      100%       2x1d9     1%          1
b - Scorch                Fire           100%       2d9       1%          2
c - Blink                 Tloc           70%        N/A       1%          2
d - Flame Wave            Conj/Fire      85%        2d18      1%          4
e - Plasma Beam           Fire/Air       30%        2x1d43    8%          6
g - Fireball              Conj/Fire      42%        3d17      1%          5
h - Swiftness             Air            57%        N/A       1%          3
i - Airstrike             Air            28%        2d(5-21)  1%          4
j - Starburst             Conj/Fire      42%        6d12      3%          6

Your spell library contained the following spells:

 Spells                   Type           Power      Damage    Failure   Level
 Apportation              Tloc           70%        N/A       1%          1
 Kiss of Death            Conj/Necr      100%       2d13      1%          1
 Magic Dart               Conj           100%       1d8       1%          1
 Shock                    Conj/Air       100%       1d9       1%          1
 Lesser Beckoning         Tloc           70%        N/A       1%          2
 Momentum Strike          Conj/Tloc      100%       3d10      1%          2
 Searing Ray              Conj           100%       2d8       1%          2
 Static Discharge         Conj/Air       100%       2-7/arc   1%          2
 Hailstorm                Conj/Ice       62%        3d13      1%          3
 Inner Flame              Hex/Fire       42%        N/A       1%          3
 Mephitic Cloud           Conj/Pois/Air  67%        N/A       1%          3
 Stone Arrow              Conj/Erth      100%       3d13      1%          3
 Volatile Blastmotes      Fire/Tloc      100%       2d18      1%          3
 Sticky Flame             Conj/Fire      85%        2d10      1%          4
 Cigotuvi's Dreadful Rot  Necr/Pois/Air  56%        N/A       2%          2
 Vhi's Electric Charge    Tloc/Air       96%        N/A       2%          4
 Ignite Poison            Fire/Tmut/Pois 32%        N/A       3%          3
 Brom's Barrelling Bould  Conj/Erth      62%        2d8       3%          4
 Fulminant Prism          Conj/Hex       31%        3d16      3%          4
 Sandblast                Erth           24%        2d8       6%          1
 Slow                     Hex            48%        N/A       6%          1
 Manifold Assault         Tloc           35%        N/A       9%          4
 Call Imp                 Summ           24%        N/A       10%         2
 Ensorcelled Hibernation  Hex/Ice        24%        N/A       10%         2
 Jinxbite                 Hex            24%        N/A       10%         2
 Passwall                 Tmut/Erth      10%        N/A       10%         2
 Sublimation of Blood     Necr           12%        N/A       10%         2
 Wereblood                Tmut           12%        N/A       10%         2
 Call Canine Familiar     Summ           12%        N/A       19%         3
 Confusing Touch          Hex            12%        N/A       19%         3
 Ozocubu's Armour         Ice            12%        N/A       19%         3
 Sigil of Binding         Hex            12%        N/A       19%         3
 Vampiric Draining        Necr           12%        2d6       19%         3
 Dimensional Bullseye     Hex/Tloc       12%        N/A       22%         4
 Dispel Undead            Necr           12%        3d9       52%         4
 Leda's Liquefaction      Hex/Erth       6%         N/A       52%         4
 Petrify                  Tmut/Erth      12%        N/A       52%         4
 Arcjolt                  Conj/Air       41%        1d51      1%          5
 Iskenderun's Battlesphe  Conj           88%        2d14      1%          5
 Freezing Cloud           Conj/Ice/Air   33%        6-21      6%          5
 Conjure Ball Lightning   Conj/Air       41%        3x3d13    6%          6
 Irradiate                Conj/Tmut      31%        3d22      9%          5
 Orb of Destruction       Conj           44%        9d12      13%         7
 Bombard                  Conj/Erth      31%        9d6       41%         6
 Summon Forest            Summ/Tloc      12%        N/A       50%         5
 Dispersal                Tloc           17%        N/A       73%         6
 Alistair's Intoxication  Tmut/Pois      8%         N/A       85%         5
 Metabolic Englaciation   Hex/Ice        6%         N/A       85%         5
 Spellforged Servitor     Conj/Summ      31%        N/A       92%         7
 Eringya's Noxious Bog    Tmut/Pois      6%         4d6       100%        6
 Simulacrum               Ice/Necr       6%         N/A       100%        6
 Summon Cactus Giant      Summ           6%         N/A       100%        6
 Borgnjor's Revivificati  Necr           6%         N/A       100%        8
 Infestation              Necr           6%         N/A       100%        8
 Lehudib's Crystal Spear  Conj/Erth      31%        10d8      100%        8
 Chain Lightning          Conj/Air       41%        3d54      100%        9
 Fire Storm               Conj/Fire      42%        8d11      100%        9


Dungeon Overview and Level Annotations

Branches:
Dungeon (15/15)            Temple (0/1) D:5            Lair (5/5) D:11
 Shoals (3/4) Lair:2        Snake (0/4) Lair:3        Slime (0/5) Lair:5
    Orc (2/2) D:10            Elf (0/3) Orc:2        Vaults (0/5) D:13
 Depths (0/4) D:15          Sewer (visited)         Ossuary (visited)

Altars:
Ashenzari
Gozag
Hepliaklqana
Kikubaaqudgha
Qazlal
Ru
Sif Muna
Jiyva
Lugonu

Shops:
D:4 ?   D:6 [   D:9 ?:   D:13 *   Orc:2 (?*?

Portals:
Abyss: Lair:5
Trove: D:14 (give horn of Geryon)

Annotations:
D:12 1 runed translucent door, kiwi3s's ghost, journeyman MiBe
D:13 3 runed translucent doors, Peskiq Nyi's ghost, journeyman DjFE
Shoals:2 1 runed translucent door, Qoegeopn's ghost, journeyman DsCj


Innate Abilities, Weirdness & Mutations

You have a beak for a mouth.
You have claws for feet.
Your magical flight helps you evade attacks. (EV +4)
You can magically evade attacks while moving or waiting.
You are dopey. (Int -2)


Message History

The water elemental's fire resistance burns away.
Casting: Scorch (safe; 1% risk of failure)
Confirm with . or Enter, or press ? or * to list all spells.
You feel a surge of power!
You conjure some foxfire!
The water elemental hits you.
Casting: Foxfire (safe; 1% risk of failure)
Confirm with . or Enter, or press ? or * to list all spells.
Okay, then.
You fail to use your ability.
The foxfire hits the water elemental!
The water elemental is burned terribly!
You destroy the water elemental!
Sif Muna accepts your kill.
The foxfire hits the faun.
The faun is heavily wounded.
The faun shoots a sling bullet.
You block the sling bullet with your +5 kite shield of reflection... and reflect it back!
The sling bullet closely misses the faun.
The sling bullet hits the faun!
The satyr plays a rousing melody on its pipes!
The fauns go into a battle-frenzy!
Your Fire Magic skill increases to level 13!
Casting: Foxfire (safe; 1% risk of failure)
Confirm with . or Enter, or press ? or * to list all spells.
You feel a surge of power!
You conjure some foxfire!
Casting: Foxfire (safe; 1% risk of failure)
Confirm with . or Enter, or press ? or * to list all spells.
You feel a surge of power!
You conjure some foxfire!
The foxfire hits the faun!
The faun is severely wounded.
The foxfire hits the faun but does no damage.
The faun is severely wounded.
A snapping turtle comes into view.
The faun shoots a sling bullet.
You block the sling bullet with your +5 kite shield of reflection... and reflect it back!
The sling bullet hits the faun.
The satyr plays a lulling melody on its pipes!
You fall asleep.
The faun unwields a +0 sling.
The faun wields a +0 quarterstaff.
The faun hits you with a +0 quarterstaff!!!!
Ouch! That really hurt!
You die...

≈≈≈≈≈~~~~~.............
≈≈
≈≈≈≈≈~~~............t~..
≈≈
≈≈≈≈≈~~~........~.......
≈≈
≈≈≈≈§~~......#.......~~.
≈≈
≈≈≈≈≈§~...~~.#.~......~~
≈≈
≈≈≈≈≈~~...~~....?.....~~
~~
≈≈≈≈≈~~~..~~...!.......~
~~
≈≈≈≈≈~~~~......v.§......
~~
≈≈≈≈≈≈~~~~†....v@..c))..,
~~
≈≈≈≈≈≈≈≈~~..~...c..c$...
.~
≈≈≈≈≈≈≈≈≈~~~~...........
..
≈≈≈≈≈≈≈≈~~~~~~..........
..
≈≈≈≈≈§≈~~.~≈~~.....)....
..
≈≈≈≈≈≈≈~~...~~.....$....
.>
≈≈≈≈≈≈≈~~~..~~....#.#.#.
..
≈≈≈≈≈≈≈≈~~.~~..........
.......
≈≈≈≈≈≈≈≈~~~~~~~~~#~#
#.......


You could see a satyr, a snapping turtle (distracted) and 2 fauns.

Vanquished Creatures
  Bai Suzhen (Shoals:2)
  Nikola (Shoals:1)
  Ilsuiw (Shoals:3)
  An orc warlord (Orc:2)
  3 merfolk impalers
  Josephine (Lair:4)
  A merfolk javelineer (Shoals:3)
  An ice dragon (D:15)
  3 vault guards (D:13)
  2 catoblepae
  3 hydras
  3 boulder beetles
  8 two-headed ogres
  3 centaur warriors
  2 merfolk aquamancers
  A merfolk avatar (Shoals:1)
  2 satyrs (Shoals:3)
  A tengu warrior (D:13)
  3 thrashing horrors (Lair:5)
  An orc high priest (Orc:2)
  Sonja (D:11)
  6 skysharks
  A fire crab (Lair:3)
  5 sea snakes
  A glowing orange brain (D:15)
  27 harpies
  11 manticores
  19 ugly things
  3 cyclopes
  An oklob plant (Lair:1)
  7 orc knights
  12 fauns
  A deep elf pyromancer (D:14)
  9 orc sorcerers
  2 black mambas
  A smoke demon (Lair:5)
  5 merfolk sirens
  4 water nymphs
  18 cane toads
  2 torpor snails
  A kobold demonologist (D:14)
  3 rime drakes
  A freezing wraith (D:10)
  11 komodo dragons
  A tengu conjurer (D:13)
  5 trolls
  14 merfolk
  5 wind drakes
  3 polar bears
  Prince Ribbit (D:9)
  Grinder (Sewer)
  9 saltlings (Orc:2)
  2 raiju (Lair:5)
  12 dream sheep
  21 slime creatures
  25 blink frogs
  7 snapping turtles
  41 yaks
  8 wraiths
  11 water elementals
  3 wyverns
  5 shadows
  A large abomination (Lair:5)
  2 vampires
  3 ynoxinuls (Lair:5)
  3 steam dragons
  15 humans
  Grum (D:9)
  11 basilisks
  2 chaos spawn (Lair:5)
  9 vampire mosquitoes
  Menkaure (D:5)
  5 wargs (Orc:2)
  18 water moccasins
  A floating eye (shapeshifter) (D:14)
  16 orc warriors
  A black bear (D:4)
  4 sky beasts
  4 ogres
  36 wolves
  7 centaurs
  3 phantoms
  2 kobold brigands
  8 bullfrogs
  2 scorpions
  9 small abominations (Lair:5)
  6 water moccasin zombies (Ossuary)
  8 wights
  Dowan (D:5)
  16 killer bees
  A troll zombie (D:10)
  6 howler monkeys
  8 electric eels
  2 quasits (Sewer)
  A jelly (D:6)
  A gnoll bouda (D:8)
  11 orc priests
  3 hounds
  2 sleepcaps (D:5)
  14 orc wizards
  Ijyb (D:5)
  Natasha (thrice) (D:2)
  8 iguanas
  5 ogre zombies (D:10)
  2 mummies (Ossuary)
  14 gnolls
  13 adders
  2 shadow imps
  6 ufetubi
  5 adder zombies
  2 worms (D:3)
  4 dart slugs
  62 orcs
  4 bats
  4 endoplasms
  2 giant cockroaches
  2 gnoll zombies (Ossuary)
  4 goblins
  9 hobgoblins
  3 jackals (D:1)
  2 quokkas
  8 ball pythons
  5 frilled lizards
  2 goblin skeletons (D:10)
  A goblin zombie (D:10)
  A hobgoblin skeleton (D:10)
  4 hobgoblin zombies
  21 kobolds
  5 kobold zombies (Ossuary)
  2 orc skeletons (D:10)
  17 orc zombies
  15 rats
  A spectral hobgoblin (D:2)
851 creatures vanquished.

Vanquished Creatures (collateral kills)
  A two-headed ogre (D:12)
  A gnoll sergeant (D:12)
  3 gnolls (D:12)
  7 foxfires
12 creatures vanquished.

Vanquished Creatures (others)
  A smoke demon (Lair:5)
  Duvessa (D:5)
  2 electric eels (D:12)
  An orc (Orc:2)
  A giant cockroach zombie (Sewer)
  2219 foxfires
2225 creatures vanquished.

Grand Total: 3088 creatures vanquished

Notes
Turn   | Place    | Note
-------+----------+-------------------------------------------
     0 | D:1      | arthad the Tengu Fire Elementalist began the quest for the
                  | Orb.
     0 | D:1      | Reached XP level 1. HP: 10/10 MP: 4/4
   141 | D:1      | Reached XP level 2. HP: 15/15 MP: 0/6
   662 | D:1      | Reached skill level 2 in Conjurations
   781 | D:1      | Learned a level 2 spell: Scorch
   784 | D:1      | Learned a level 2 spell: Blink
  1030 | D:2      | Reached XP level 3. HP: 19/19 MP: 5/7
  1233 | D:2      | Found a shimmering blue altar of Sif Muna.
  1282 | D:2      | Became a worshipper of Sif Muna the Loreminder
  1337 | D:2      | Identified the +0 dagger "Bodeyps" {drain, Str+9}
  1421 | D:2      | Found a faded altar of an unknown god.
  1528 | D:2      | Noticed Natasha
  1537 | D:2      | Killed Natasha
  1538 | D:2      | Reached XP level 4. HP: 6/24 MP: 3/8
  1655 | D:2      | Noticed Natasha
  1660 | D:2      | Killed Natasha
  1787 | D:2      | Noticed Natasha
  1797 | D:2      | Killed Natasha
  1798 | D:2      | Reached XP level 5. HP: 10/28 MP: 1/10
  1963 | D:3      | Reached skill level 3 in Conjurations
  2090 | D:3      | Reached * piety under Sif Muna
  2091 | D:3      | Reached skill level 1 in Armour
  2311 | D:3      | Reached skill level 1 in Translocations
  2356 | D:3      | Found a glowing drain.
  2360 | Sewer    | Entered a sewer
  2504 | Sewer    | Reached skill level 1 in Fighting
  2709 | Sewer    | Found a burning altar of Makhleb.
  2726 | Sewer    | HP: 1/29 [ufetubus (5)]
  2736 | Sewer    | Reached XP level 6. HP: 30/34 MP: 4/11
  2827 | Sewer    | Reached ** piety under Sif Muna
  2948 | Sewer    | Noticed Grinder
  2960 | Sewer    | Killed Grinder
  2961 | Sewer    | Reached skill level 4 in Conjurations
  2961 | Sewer    | Gained mutation: Your magical flight helps you evade
                  | attacks. (EV +4) [Tengu growth]
  2961 | Sewer    | Reached XP level 7. HP: 32/38 MP: 1/13
  3076 | Sewer    | Reached skill level 1 in Invocations
  3970 | D:4      | Reached skill level 5 in Fire Magic
  4129 | D:5      | Entered Level 5 of the Dungeon
  4219 | D:5      | HP: 2/40 [sleepcap (19)]
  4360 | D:5      | Learned a level 4 spell: Flame Wave
  4404 | D:5      | Noticed Ijyb
  4411 | D:5      | Noticed Dowan
  4561 | D:4      | Reached XP level 8. HP: 44/44 MP: 8/14
  5329 | D:4      | Found Cene's Magic Scroll Boutique.
  5592 | D:5      | Reached skill level 1 in Shields
  5592 | D:5      | Reached skill level 5 in Conjurations
  5657 | D:5      | Noticed Sigmund
  5658 | D:5      | Sigmund changed into Sigmund the wolf
  5658 | D:5      | Noticed Sigmund
  5663 | D:5      | Killed Sigmund the wolf
  5878 | D:5      | Noticed Menkaure
  5887 | D:5      | Killed Menkaure
  6107 | D:5      | Noticed Duvessa
  6122 | D:5      | Gained mutation: You are dopey. (Int -2) [potion of
                  | mutation]
  6122 | D:5      | Killed Duvessa
  6130 | D:5      | Killed Dowan
  6135 | D:5      | Killed Ijyb
  6172 | D:5      | Reached *** piety under Sif Muna
  6536 | D:5      | Found a runed translucent door.
  6537 | D:5      | Noticed Crazy Yiuf
  6663 | D:5      | Found a staircase to the Ecumenical Temple.
  6745 | D:5      | Crazy Yiuf changed into Crazy Yiuf the dart slug
  6745 | D:5      | Noticed Crazy Yiuf
  6747 | D:5      | Killed Crazy Yiuf the dart slug
  6761 | D:5      | Learned a level 3 spell: Volatile Blastmotes
  6853 | D:6      | Reached XP level 9. HP: 49/49 MP: 10/16
  7003 | D:6      | Reached skill level 6 in Conjurations
  7097 | D:6      | Found Daystrae's Antique Armour Boutique.
  8105 | D:7      | Found a sand-covered staircase.
  8110 | Ossuary  | Entered an ossuary
  8157 | Ossuary  | Reached skill level 5 in Spellcasting
  8557 | Ossuary  | Reached **** piety under Sif Muna
  8768 | D:7      | Reached skill level 7 in Conjurations
  8830 | D:7      | Reached XP level 10. HP: 56/56 MP: 15/18
  9110 | D:7      | You are sucked into a shaft and drop 2 floors!
  9308 | D:9      | Noticed a two-headed ogre
  9326 | D:9      | Killed a two-headed ogre
  9350 | D:9      | Reached skill level 5 in Dodging
  9564 | D:9      | Found a broken altar of Ashenzari.
 10005 | D:8      | Found a stormy altar of Qazlal.
 10211 | D:8      | Noticed a two-headed ogre
 10567 | D:8      | Killed a two-headed ogre
 10568 | D:8      | Reached skill level 5 in Stealth
 10568 | D:8      | Reached skill level 8 in Conjurations
 11208 | D:9      | Found Byonah's Magic Scroll Emporium.
 11235 | D:9      | Noticed Grum
 11237 | D:9      | Reached skill level 1 in Air Magic
 11239 | D:9      | Reached skill level 5 in Shields
 11240 | D:9      | Killed Grum
 11310 | D:9      | Noticed Prince Ribbit
 11317 | D:9      | Killed Prince Ribbit
 11318 | D:9      | Reached XP level 11. HP: 40/61 MP: 15/21
 11518 | D:9      | Found Xoth's Self-Improvement Boutique.
 11678 | D:10     | Entered Level 10 of the Dungeon
 11693 | D:10     | Reached skill level 5 in Armour
 11795 | D:10     | Identified the ring "Liucafow" {rF+ Int+3}
 11882 | D:10     | Identified the +9 chain mail of Zubuenn {rElec rC+}
 11942 | D:10     | Identified the +5 whip "Wicwaath" {flame, rC+}
 12083 | D:10     | Found a staircase to the Orcish Mines.
 12094 | D:10     | Reached ***** piety under Sif Muna
 12234 | D:10     | Identified Sif Muna's Dissertation on Aerial Places (Sif
                  | Muna gifted it to you on level 10 of the Dungeon)
 12234 | D:10     | Received a gift from Sif Muna
 12258 | D:10     | Reached skill level 1 in Axes
 12497 | D:10     | Reached skill level 9 in Conjurations
 12650 | D:10     | Noticed a two-headed ogre
 12659 | D:10     | Killed a two-headed ogre
 12686 | D:10     | Found an ancient bone altar of Kikubaaqudgha.
 13225 | D:11     | Noticed a cyclops
 13234 | D:11     | Killed a cyclops
 13264 | D:11     | Noticed a two-headed ogre
 13265 | D:11     | Found a staircase to the Lair.
 13488 | D:11     | Noticed a two-headed ogre
 13499 | D:11     | Killed a two-headed ogre
 13802 | D:11     | Noticed Sonja
 13811 | D:11     | Killed Sonja
 13812 | D:11     | Reached skill level 5 in Fighting
 13812 | D:11     | Reached XP level 12. HP: 59/68 MP: 20/23
 13883 | D:11     | Found a sacrificial altar of Ru.
 14287 | D:12     | Reached skill level 5 in Invocations
 14703 | D:12     | Found a runed translucent door.
 14704 | D:12     | Noticed kiwi3s's ghost (journeyman MiBe)
 15055 | D:12     | Noticed a two-headed ogre
 15057 | D:12     | Reached skill level 10 in Conjurations
 15063 | D:12     | Killed a two-headed ogre
 15310 | D:13     | Noticed a tengu warrior
 15317 | D:13     | Killed a tengu warrior
 15808 | D:13     | Noticed a boulder beetle
 15845 | D:13     | Noticed a vault guard
 15846 | D:13     | Noticed a vault guard
 15846 | D:13     | Noticed a vault guard
 15850 | D:13     | Reached skill level 5 in Axes
 15874 | D:13     | Killed a boulder beetle
 15885 | D:13     | Killed a vault guard
 15886 | D:13     | Killed a vault guard
 15887 | D:13     | Reached XP level 13. HP: 34/73 MP: 3/25
 16135 | D:13     | Found a runed translucent gate.
 16135 | D:13     | Found a runed translucent gate.
 16136 | D:13     | Found a runed translucent gate.
 16137 | D:13     | Found an opulent altar of Gozag.
 16139 | D:13     | Noticed Peskiq Nyi's ghost (journeyman DjFE)
 16192 | D:13     | Killed a vault guard
 16257 | D:13     | Reached skill level 5 in Air Magic
 16430 | D:13     | Found Cutimm's Assorted Antiques.
 16477 | D:13     | Found a gate to the Vaults.
 16808 | D:14     | Reached skill level 11 in Conjurations
 16940 | D:14     | Found a portal to a secret trove of treasure.
 17209 | D:14     | Reached skill level 10 in Fire Magic
 18209 | D:15     | Entered Level 15 of the Dungeon
 18331 | D:15     | Found a hazy altar of Hepliaklqana.
 18510 | D:15     | Reached skill level 5 in Translocations
 18540 | D:15     | Identified the +0 helmet of Felur {Harm Rampage Str+5 SInv}
 18570 | D:15     | Reached XP level 14. HP: 80/80 MP: 17/27
 18870 | D:15     | Identified the +7 trident of Lilubre {vamp, rPois rF- rN++}
 18994 | D:15     | Identified the +1 ring mail of the Poles {*Corrode rPois
                  | Int+3 Stlth+}
 19142 | D:15     | Found a staircase to the Depths.
 19398 | Lair:1   | Entered Level 1 of the Lair of Beasts
 19497 | Lair:1   | Reached skill level 12 in Conjurations
 19822 | Lair:1   | Identified Sif Muna's Textbook on Meteoric Wildfire (Sif
                  | Muna gifted it to you on level 1 of the Lair of Beasts)
 19822 | Lair:1   | Received a gift from Sif Muna
 19872 | Lair:1   | Learned a level 4 spell: Sticky Flame
 19878 | Lair:1   | Learned a level 5 spell: Fireball
 19882 | Lair:1   | Learned a level 3 spell: Swiftness
 20880 | Lair:2   | Found a staircase to the Shoals.
 20897 | Lair:2   | Learned a level 4 spell: Airstrike
 21794 | Lair:3   | Found a staircase to the Snake Pit.
 21931 | Lair:3   | Received a gift from Sif Muna
 22039 | Lair:3   | HP: 4/80 [rime drake/icy flash freeze (16)]
 22467 | Lair:3   | Reached XP level 15. HP: 83/85 MP: 10/29
 22519 | Lair:3   | Identified the +9 plate armour of Qoiw {Str+3}
 22657 | Lair:4   | Noticed Josephine
 22667 | Lair:4   | Killed Josephine
 23677 | Lair:5   | Entered Level 5 of the Lair of Beasts
 23681 | Lair:5   | Reached skill level 13 in Conjurations
 23826 | Lair:5   | Identified Xuheutse's Folio of Outbursts (Sif Muna gifted
                  | it to you on level 5 of the Lair of Beasts)
 23826 | Lair:5   | Received a gift from Sif Muna
 23832 | Lair:5   | Reached skill level 10 in Armour
 24194 | Lair:5   | Found a staircase to the Slime Pits.
 24194 | Lair:5   | Found a viscous altar of Jiyva.
 25667 | Lair:5   | Found a corrupted altar of Lugonu.
 25667 | Lair:5   | Found a one-way gate to the infinite horrors of the Abyss.
 25673 | Lair:5   | Got a black book
 25949 | Orc:1    | Entered Level 1 of the Orcish Mines
 25962 | Orc:1    | Reached skill level 1 in Evocations
 26242 | Orc:2    | Entered Level 2 of the Orcish Mines
 26258 | Orc:2    | Reached ****** piety under Sif Muna
 26523 | Orc:2    | Found a staircase to the Elven Halls.
 26549 | Orc:1    | Identified Sif Muna's Treatise on Feathery Concussion (Sif
                  | Muna gifted it to you on level 1 of the Orcish Mines)
 26549 | Orc:1    | Received a gift from Sif Muna
 26617 | Orc:2    | Noticed an orc warlord
 26745 | Orc:1    | Reached skill level 10 in Spellcasting
 26865 | Orc:1    | You are sucked into a shaft and drop 1 floor!
 26982 | Orc:2    | Killed an orc warlord
 27201 | Orc:2    | Reached XP level 16. HP: 92/92 MP: 21/31
 27306 | Orc:2    | Found Orid's Antique Weapon Shoppe.
 27382 | Orc:2    | Paralysed by an orc sorcerer for 4 turns
 27783 | Orc:2    | Found Oripil's Magic Scroll Shoppe.
 27816 | Orc:2    | Found Acioshu's General Store.
 27831 | Orc:2    | Bought a scroll of acquirement for 832 gold pieces
 27831 | Orc:2    | Acquired the +9 staff of Olgreb {rPois∞}
 27831 | Orc:2    | Found the +9 staff of Olgreb {rPois∞}
 27849 | Orc:2    | Found Tupuit's Magic Scroll Boutique.
 27855 | Orc:2    | Bought a scroll of acquirement for 832 gold pieces
 27855 | Orc:2    | Acquired a book of the Spheres
 27864 | Orc:2    | Learned a level 6 spell: Starburst
 28040 | Orc:2    | Learned a level 6 spell: Plasma Beam
 28165 | Shoals:1 | Entered Level 1 of the Shoals
 28953 | Shoals:1 | Noticed Nikola
 28990 | Shoals:1 | Upgraded the game from 0.31-a0-818-ge7c7cf74f0 to
                  | 0.31-a0-819-gf6de2f5ab6
 29019 | Shoals:1 | Reached skill level 14 in Conjurations
 29258 | Shoals:1 | Killed Nikola
 30543 | Shoals:2 | Identified Sif Muna's Secrets of Mortuary Intoxication (Sif
                  | Muna gifted it to you on level 2 of the Shoals)
 30543 | Shoals:2 | Received a gift from Sif Muna
 30725 | Shoals:2 | Found a runed translucent door.
 30725 | Shoals:2 | Noticed Qoegeopn's ghost (journeyman DsCj)
 31115 | Shoals:2 | Reached skill level 10 in Air Magic
 31620 | Shoals:3 | Identified the ring "Lungoekk" {rN+ rCorr SInv}
 31629 | Shoals:3 | Got a vibrant book
 31712 | Shoals:3 | Noticed Ilsuiw
 31721 | Shoals:3 | Killed Ilsuiw
 31723 | Shoals:3 | Noticed Bai Suzhen
 31868 | Shoals:2 | Killed Bai Suzhen
 31869 | Shoals:2 | Reached XP level 17. HP: 31/97 MP: 6/32
 32725 | Shoals:3 | Mangled by a faun

Illustrated notes

Levels and vault maps discovered:
D:1:      minmay_arrival_five_plusses, layout_basic, minmay_rat_gold_closets
D:2:      layout_loops_ring, basic_altar,
          dreamdust_ecumenical_altar_drowned_temple, minmay_misc_feat_iff,
          uniq_natasha
D:3:      layout_loops_cross, gup_sewer_entry_spiral
D:4:      minmay_wonky_spiral, layout_basic, serial_shops, shop,
          minmay_statues_item, chequers_mini_garden, minmay_misc_feat_nine_boxes
D:5:      nicolae_cairo_tiling_very_big, layout_basic, lemuel_temple_firewalk_b,
          uniq_crazy_yiuf_cottage, uniq_sigmund, uniq_duvessa, uniq_ijyb,
          uniq_menkaure
D:6:      layout_rooms, serial_shops, nicolae_shop_just_a_little_nook
D:7:      layout_cave_pools, enter_ossuary_2, serial_bayou_lake_a
D:8:      layout_layer_cave, lemuel_doored_altar, minmay_manual_mares
D:9:      layout_roguey, mainiacjoe_overflow_alcove_1, serial_shops,
          nicolae_shop_waterfront, grunt_decor_mini_mirrors,
          nicolae_shop_self_help, uniq_prince_ribbit1, uniq_grum
D:10:     layout_long_grid, mainiacjoe_overflow_six_doors_small,
          zombieorc1_lemuel, minmay_ruffians
D:11:     layout_small_grid, lair_entry_dummy, hangedman_ru_absence, uniq_sonja
D:12:     layout_rooms, ebering_ghost_reflecting_pool, lemuel_freeze_loot_1
D:13:     layout_cave_pools, ximxim_vaults_locker_room, ebering_ghost_gozag
D:14:     layout_irregular_city, nicolae_trove_entry_crossroad,
          nicolae_water_bricks, argonaut_gorgonesque
D:15:     grunt_enter_depths_hoard, layout_cave_pods,
          hangedman_decor_peaks_small, nzn_hepliaklqana_mist_gate
Lair:1:   layout_loops_ring, dpeg_stationary_puzzle, serial_bayou_shore_a
Lair:2:   layout_chaotic_city, nicolae_shoals_entry_flooding, minivault_25,
          lemuel_fruit_tree
Lair:3:   nzn_winding_woodlands_cross [nzn_winding_woodlands_5x15_jagged,
          nzn_winding_woodlands_5x15_parted,
          nzn_winding_woodlands_5x15_pathside_ponds,
          nzn_winding_woodlands_5x15_garden,
          nzn_winding_woodlands_15x15_thick_spiral], layout_cave_shapes,
          chequers_serial_rivers_micro_b
Lair:4:   layout_cave_pods, uniq_josephine
Lair:5:   hellmonk_lair_end_abyssal_woods, layout_regular_city, slime_entry_1,
          grunt_megastairs_2
Shoals:1: layout_shoals, uniq_nikola
Shoals:2: layout_shoals, gammafunk_ghost_grave
Shoals:3: layout_shoals, nicolae_shoals_spring_well_temple, uniq_bai_suzhen,
          uniq_ilsuiw
Orc:1:    layout_caves
Orc:2:    hellmonk_orc_salted, layout_caves, basic_altar

Skill      XL: |  1  2  3  4  5  6  7  8  9 10 11 12 13 14 15 16 17 |
---------------+----------------------------------------------------+-----
Conjurations   | 2 3 4 5 7 8 9 10 11 12 13 14 | 14.7
Fire Magic     | 4 5 6 7 8 9 10 11 12 13 | 13.0
Armour         | 1 2 3 4 6 7 8 9 10 11 | 11.5
Translocations | 1 2 3 4 5 |  5.0
Fighting       | 1 2 3 4 5 6 7 8 |  8.0
Dodging        | 3 4 5 6 7 8 |  8.0
Spellcasting   | 3 4 5 6 7 8 9 10 | 10.9
Stealth        | 3 4 5 6 |  6.0
Invocations    | 1 2 3 4 5 7 8 9 |  9.6
Shields        | 2 3 5 6 7 8 |  8.9
Air Magic      | 1 3 4 5 7 8 10 | 10.5
Axes           | 3 5 6 7 8 9 |  9.7
Evocations     | 1 2 3 |  3.0

Action                     |  1- 3 |  4- 6 |  7- 9 | 10-12 | 13-15 | 16-18 || total
---------------------------+-------+-------+-------+-------+-------+-------++-------
  Melee: Falchion          |     3 |       |       |       |       |       ||     3
         Peck              |     1 |     1 |       |     8 |     5 |     3 ||    18
         Dagger            |     1 |     4 |     6 |    11 |    20 |       ||    42
         Kick              |     1 |     1 |     2 |    23 |     7 |     3 ||    37
         War axe           |       |       |       |    49 |       |       ||    49
         Staff             |       |       |       |       |       |     3 ||     3
   Cast: Foxfire           |    58 |    96 |   317 |   299 |   424 |    64 ||  1258
         Scorch            |     1 |     5 |    48 |    68 |   200 |    43 ||   365
         Flame Wave        |       |       |     6 |    45 |   147 |     9 ||   207
         Blink             |       |       |       |     2 |     7 |     2 ||    11
         Volatile Blastmot |       |       |       |     1 |     3 |       ||     4
         Airstrike         |       |       |       |       |     9 |    14 ||    23
         Sticky Flame      |       |       |       |       |    20 |     3 ||    23
         Fireball          |       |       |       |       |    61 |    72 ||   133
         Swiftness         |       |       |       |       |     1 |       ||     1
         Plasma Beam       |       |       |       |       |       |    73 ||    73
         Starburst         |       |       |       |       |       |    27 ||    27
 Invoke: Channel Magic     |       |       |       |     2 |     3 |     3 ||     8
         Forget Spell      |       |       |       |       |       |     2 ||     2
  Evoke: Wand              |       |       |     3 |    10 |     9 |     5 ||    27
    Use: Scroll            |       |     4 |     5 |     9 |    13 |     8 ||    39
         Potion            |       |     3 |     7 |     8 |     8 |     1 ||    27
   Stab: Sleeping          |       |       |       |     1 |       |       ||     1
 Armour: Robe              |     9 |    49 |    37 |    19 |       |    66 ||   180
         Animal skin       |       |       |       |     3 |       |       ||     3
         Chain mail        |       |       |       |   154 |   339 |     6 ||   499
  Dodge: Dodged            |    18 |    42 |    72 |   181 |   355 |    72 ||   740
  Block: Buckler           |       |       |       |    58 |    22 |       ||    80
         Kite shield       |       |       |       |       |   252 |    97 ||   349
         Reflection        |       |       |       |       |     8 |    19 ||    27

Table legend: (Time is in decaauts)
 A = Elapsed time spent in this place.
 B = Non-inter-level travel time spent in this place.
 C = Inter-level travel time spent in this place.
 D = Time resting spent in this place.
 E = Time spent auto-exploring this place.
 F = Levels seen in this place.
 G = Mean time per level.
                   A        B        C        D        E       F      G
               +--------+--------+--------+--------+--------+-----+--------+
         Total |  32812 |  31549 |   1263 |   1859 |  23793 |  27 | 1215.3 |
       Dungeon |  18099 |  17272 |    827 |    601 |  13615 |  15 | 1206.6 |
          Lair |   6538 |   6314 |    224 |    311 |   4836 |   5 | 1307.6 |
        Shoals |   4565 |   4469 |     96 |    676 |   2904 |   3 | 1521.7 |
  Orcish Mines |   2144 |   2030 |    114 |    241 |   1228 |   2 | 1072.0 |
         Sewer |    848 |    848 |      0 |     30 |    678 |   1 |  848.0 |
       Ossuary |    616 |    616 |      0 |      0 |    531 |   1 |  616.0 |
               +--------+--------+--------+--------+--------+-----+--------+

Top non-repeatable levels by time:
Shoals:2: 2007 daAuts
  Lair:5: 1903 daAuts
Shoals:1: 1761 daAuts
    D:10: 1686 daAuts
   Orc:2: 1608 daAuts
     D:5: 1535 daAuts
    D:12: 1461 daAuts
     D:4: 1447 daAuts
    D:14: 1402 daAuts
  Lair:1: 1271 daAuts
    D:13: 1231 daAuts
  Lair:3: 1220 daAuts
     D:9: 1215 daAuts
  Lair:4: 1151 daAuts
    D:15: 1129 daAuts
